TOP OF THE 1ST |
Boston College Eagles batting - Pitching for Michigan State Spartans : RHP Nicholas Becker
|
Pitching: RHP Nicholas Becker
|
|
Batting: RHB Al Williamson
|
0-0: Ball 1-0: Called Strike 1-1: Ball 2-1: Ball 3-1: SINGLE (Groundball, 56D)
|
Batting: LHB Greg Hyde
|
0-0: Ball 1-0: Foul Ball, location: 2F 1-1: Ball 2-1: Ball Balk! Al Williamson to second 3-1: Called Strike 3-2: Foul Ball, location: 2F 3-2: Ground out U3 (Groundball, 3L) Al Williamson to third
|
Batting: SHB Felipe Castro
|
0-0: Ball 1-0: Foul Ball, location: 2F 1-1: SINGLE (Line Drive, 56D) Al Williamson scores
|
Batting: RHB Dennis House
|
0-0: Ball 1-0: Ball 2-0: Ball 3-0: Called Strike 3-1: Base on Balls Felipe Castro to second
|
Batting: LHB Rafael Yan
|
0-0: Called Strike 0-1: Ball 1-1: Swinging Strike 1-2: Ball 2-2: Ball Wild Pitch! Felipe Castro to third Dennis House to second 3-2: Ground out 4-3 (Groundball, 34D) Felipe Castro scores Dennis House to third
|
Batting: RHB Jesús Morales
|
0-0: Ball 1-0: Foul Ball, location: 2F 1-1: Fly out, F9 (Flyball, 9LM)
|
Top of the 1st over - 2 run(s), 2 hit(s), 0 error(s), 1 left on base; Boston College 2 - Michigan State 0 |
BOTTOM OF THE 1ST |
Michigan State Spartans batting - Pitching for Boston College Eagles : RHP Mike Heath
|
Pitching: RHP Mike Heath
|
|
Batting: RHB Jorge Carranza
|
0-0: Ground out 4-3 (Groundball, 4M)
|
Batting: LHB Cliff Mills
|
0-0: Ground out 4-3 (Groundball, 4)
|
Batting: RHB Ryan Nelson
|
0-0: Foul Ball, location: 2F 0-1: Ball 1-1: Ball 2-1: Swinging Strike 2-2: Foul Ball, location: 2F 2-2: Strikes out swinging
|
Bottom of the 1st over - 0 run(s), 0 hit(s), 0 error(s), 0 left on base; Boston College 2 - Michigan State 0 |
TOP OF THE 2ND |
Boston College Eagles batting - Pitching for Michigan State Spartans : RHP Nicholas Becker
|
Batting: SHB Ralph Alfonzo
|
0-0: Ball 1-0: Ball 2-0: Foul Ball, location: 2F 2-1: Foul Ball, location: 2F 2-2: Ball 3-2: Foul Ball, location: 2F 3-2: Foul Ball, location: 2F 3-2: Foul Ball, location: 2F 3-2: Strikes out swinging
|
Batting: RHB Theodore Burns
|
0-0: Ball 1-0: Called Strike 1-1: Ball 2-1: Ball 3-1: Called Strike 3-2: Foul Ball, location: 2F 3-2: Base on Balls
|
Batting: RHB Ed Gómez
|
0-0: Called Strike 0-1: Foul Ball, location: 2F 0-2: Foul Ball, location: 2F 0-2: Fielders Choice at 2nd, 1-6 (Groundball, 23)
|
Batting: RHB Al Williamson
|
0-0: Ball 1-0: Ground out 6-3 (Groundball, 6)
|
Top of the 2nd over - 0 run(s), 0 hit(s), 0 error(s), 1 left on base; Boston College 2 - Michigan State 0 |
BOTTOM OF THE 2ND |
Michigan State Spartans batting - Pitching for Boston College Eagles : RHP Mike Heath
|
Batting: LHB José Arce
|
0-0: Called Strike 0-1: Ball 1-1: SINGLE (Groundball, 34D)
|
Batting: RHB Ryan Miller
|
Pickoff Throw to First - Out! 0-0: Ball 1-0: Swinging Strike 1-1: Foul Ball, location: 2F 1-2: Ball 2-2: Strikes out swinging
|
Batting: RHB Arthur Hopkins
|
0-0: Called Strike 0-1: Ball Single, Error in OF, E9, batter to second base
|
Batting: RHB Nelson Wright
|
0-0: Swinging Strike 0-1: Ball 1-1: Ground out 5-3 (Groundball, 5L)
|
Bottom of the 2nd over - 0 run(s), 2 hit(s), 1 error(s), 1 left on base; Boston College 2 - Michigan State 0 |
TOP OF THE 3RD |
Boston College Eagles batting - Pitching for Michigan State Spartans : RHP Nicholas Becker
|
Batting: LHB Greg Hyde
|
0-0: Swinging Strike 0-1: Foul Ball, location: 2F 0-2: Strikes out swinging
|
Batting: SHB Felipe Castro
|
0-0: Ball 1-0: Called Strike 1-1: Ball 2-1: SOLO HOME RUN (Flyball, 9D), Distance : 362 ft
|
Batting: RHB Dennis House
|
0-0: Foul Ball, location: 2F 0-1: SINGLE (Line Drive, 78M)
|
Batting: LHB Rafael Yan
|
0-0: Called Strike 0-1: Called Strike 0-2: Foul Ball, location: 2F 0-2: Hit by Pitch Dennis House to second
|
Batting: RHB Jesús Morales
|
0-0: Ball 1-0: Foul Ball, location: 2F 1-1: SINGLE (Groundball, 15) (infield hit) Dennis House to third Rafael Yan to second
|
Batting: SHB Ralph Alfonzo
|
0-0: Ball 1-0: Foul Ball, location: 2F 1-1: Called Strike 1-2: Strikes out swinging
|
Batting: RHB Theodore Burns
|
0-0: Called Strike 0-1: Ball 1-1: Foul Ball, location: 2F 1-2: Strikes out swinging
|
Top of the 3rd over - 1 run(s), 3 hit(s), 0 error(s), 3 left on base; Boston College 3 - Michigan State 0 |
BOTTOM OF THE 3RD |
Michigan State Spartans batting - Pitching for Boston College Eagles : RHP Mike Heath
|
Batting: RHB Nick Whitehead
|
0-0: Swinging Strike 0-1: Ball 1-1: Swinging Strike 1-2: Foul Ball, location: 2F 1-2: Strikes out looking
|
Batting: RHB Spike Walters
|
0-0: Ball 1-0: Ball 2-0: Ball 3-0: Base on Balls
|
Batting: RHB Jorge Carranza
|
0-0: Hit by Pitch Spike Walters to second
|
Batting: LHB Cliff Mills
|
0-0: Ball 1-0: Called Strike 1-1: SINGLE (Line Drive, 8LS) Spike Walters to third Jorge Carranza to second Runner from 3rd tries for Home, SAFE, no throw or cutoff
|
Batting: RHB Ryan Nelson
|
0-0: Called Strike 0-1: Ball 1-1: Ball 2-1: Called Strike 2-2: Ball 3-2: Base on Balls Jorge Carranza to third Cliff Mills to second
|
Batting: LHB José Arce
|
0-0: Ball 1-0: SINGLE (Groundball, 4M) Jorge Carranza scores Cliff Mills to third Ryan Nelson to second Runner from 3rd tries for Home, throw and OUT!
|
Batting: RHB Ryan Miller
|
0-0: Ball 1-0: Swinging Strike 1-1: Swinging Strike 1-2: Strikes out swinging
|
Bottom of the 3rd over - 2 run(s), 2 hit(s), 0 error(s), 2 left on base; Boston College 3 - Michigan State 2 |
TOP OF THE 4TH |
Boston College Eagles batting - Pitching for Michigan State Spartans : RHP Nicholas Becker
|
Batting: RHB Ed Gómez
|
0-0: Called Strike 0-1: Swinging Strike 0-2: Foul Ball, location: 2F 0-2: Ball 1-2: Strikes out looking
|
Pitching: RHP Rocky Murphy
|
|
Batting: RHB Al Williamson
|
0-0: Ball 1-0: Foul Ball, location: 2F 1-1: Ball 2-1: Foul Ball, location: 2F 2-2: Ball 3-2: Strikes out swinging
|
Batting: LHB Greg Hyde
|
0-0: Ball 1-0: Fly out, F8 (Flyball, 8RM)
|
Top of the 4th over - 0 run(s), 0 hit(s), 0 error(s), 0 left on base; Boston College 3 - Michigan State 2 |
BOTTOM OF THE 4TH |
Michigan State Spartans batting - Pitching for Boston College Eagles : RHP Mike Heath
|
Batting: RHB Arthur Hopkins
|
0-0: Ball 1-0: Swinging Strike 1-1: Ball 2-1: Ball 3-1: Foul Ball, location: 2F 3-2: Fly out, F9 (Flyball, 89M)
|
Batting: RHB Nelson Wright
|
0-0: Ground out 6-3 (Groundball, 6)
|
Batting: RHB Nick Whitehead
|
0-0: Ball 1-0: Swinging Strike 1-1: Foul Ball, location: 2F 1-2: Reached on error, E4 (Groundball, 4)
|
Batting: RHB Spike Walters
|
0-0: Called Strike 0-1: Ball 1-1: Called Strike 1-2: Foul Ball, location: 2F 1-2: Ball 2-2: Strikes out swinging
|
Bottom of the 4th over - 0 run(s), 0 hit(s), 1 error(s), 1 left on base; Boston College 3 - Michigan State 2 |
TOP OF THE 5TH |
Boston College Eagles batting - Pitching for Michigan State Spartans : RHP Rocky Murphy
|
Batting: SHB Felipe Castro
|
0-0: Ball 1-0: Swinging Strike 1-1: Fly out, F9 (Flyball, 9M)
|
Batting: RHB Dennis House
|
0-0: Fly out, F7 (Flyball, 78M)
|
Batting: LHB Rafael Yan
|
0-0: Ball 1-0: Ball 2-0: Foul Ball, location: 2F 2-1: Foul Ball, location: 2F 2-2: Foul Ball, location: 2F 2-2: Ball 3-2: SINGLE (Line Drive, 4MD)
|
Batting: RHB Jesús Morales
|
0-0: Swinging Strike 0-1: Ball 1-1: Fly out, F8 (Flyball, 8RM)
|
Top of the 5th over - 0 run(s), 1 hit(s), 0 error(s), 1 left on base; Boston College 3 - Michigan State 2 |
BOTTOM OF THE 5TH |
Michigan State Spartans batting - Pitching for Boston College Eagles : RHP Mike Heath
|
Batting: RHB Jorge Carranza
|
0-0: Ball 1-0: Foul Ball, location: 2F 1-1: Ball 2-1: Ball 3-1: Swinging Strike 3-2: Foul Ball, location: 2F 3-2: Foul Ball, location: 2F 3-2: Strikes out looking
|
Batting: LHB Cliff Mills
|
0-0: Ball 1-0: Fly out, F8 (Flyball, 8LM)
|
Batting: RHB Ryan Nelson
|
0-0: Ground out 6-3 (Groundball, 6)
|
Bottom of the 5th over - 0 run(s), 0 hit(s), 0 error(s), 0 left on base; Boston College 3 - Michigan State 2 |
TOP OF THE 6TH |
Boston College Eagles batting - Pitching for Michigan State Spartans : RHP Rocky Murphy
|
Batting: SHB Ralph Alfonzo
|
0-0: Fly out, F7 (Flyball, 7S)
|
Batting: RHB Theodore Burns
|
0-0: Foul Ball, location: 2F 0-1: Foul Ball, location: 2F 0-2: Ball 1-2: Ground out 6-3 (Groundball, 6M)
|
Batting: RHB Ed Gómez
|
0-0: Ball 1-0: Ground out 5-3 (Groundball, 56)
|
Top of the 6th over - 0 run(s), 0 hit(s), 0 error(s), 0 left on base; Boston College 3 - Michigan State 2 |
BOTTOM OF THE 6TH |
Michigan State Spartans batting - Pitching for Boston College Eagles : RHP Mike Heath
|
Batting: LHB José Arce
|
0-0: Ball 1-0: Ball 2-0: Foul Ball, location: 2F 2-1: Ball 3-1: Foul Ball, location: 2F 3-2: Base on Balls
|
Batting: RHB Ryan Miller
|
0-0: Swinging Strike 0-1: Swinging Strike 0-2: Strikes out looking
|
Batting: RHB Arthur Hopkins
|
0-0: Fly out, F9 (Line Drive, 89S)
|
Batting: RHB Nelson Wright
|
0-0: Ball 1-0: SINGLE (Line Drive, 8RS) José Arce to second
|
Batting: RHB Nick Whitehead
|
0-0: Called Strike 0-1: Fly out, F4 (Popup, 9LS)
|
Bottom of the 6th over - 0 run(s), 1 hit(s), 0 error(s), 2 left on base; Boston College 3 - Michigan State 2 |
TOP OF THE 7TH |
Boston College Eagles batting - Pitching for Michigan State Spartans : RHP Rocky Murphy
|
Pitching: LHP Carlos Martínez
|
|
Batting: RHB Al Williamson
|
0-0: Ball 1-0: SOLO HOME RUN (Flyball, 7D), Distance : 346 ft
|
Batting: LHB Greg Hyde
|
0-0: Called Strike 0-1: Ball 1-1: Ball 2-1: Foul Ball, location: 2F 2-2: Foul Ball, location: 2F 2-2: DOUBLE (Line Drive, 7M)
|
Batting: SHB Felipe Castro
|
0-0: Ball 1-0: Foul Ball, location: 2F 1-1: Foul Ball, location: 2F 1-2: Foul Ball, location: 2F 1-2: Foul Ball, location: 2F 1-2: Ball 2-2: Ball 3-2: Base on Balls
|
Batting: RHB Dennis House
|
0-0: Swinging Strike 0-1: Foul Ball, location: 2F 0-2: Ball 1-2: Ball 2-2: Strikes out looking
|
Batting: LHB Rafael Yan
|
0-0: Fly out, F4 (Line Drive, 34D)
|
Batting: RHB Jesús Morales
|
0-0: Ball 1-0: Fly out, F3 (Popup, 3SF)
|
Top of the 7th over - 1 run(s), 2 hit(s), 0 error(s), 2 left on base; Boston College 4 - Michigan State 2 |
BOTTOM OF THE 7TH |
Michigan State Spartans batting - Pitching for Boston College Eagles : RHP Mike Heath
|
Batting: RHB Spike Walters
|
0-0: Fly out, F8 (Flyball, 8RS)
|
Batting: RHB Jorge Carranza
|
0-0: Foul Ball, location: 2F 0-1: Ball 1-1: SINGLE (Line Drive, 56)
|
Batting: LHB Cliff Mills
|
0-0: Foul Ball, location: 2F 0-1: Ball 1-1: Ball 2-1: Fly out, F8 (Flyball, 8LM)
|
Batting: RHB Ryan Nelson
|
0-0: Swinging Strike 0-1: Ball 1-1: Fly out, F9 (Flyball, 89S)
|
Bottom of the 7th over - 0 run(s), 1 hit(s), 0 error(s), 1 left on base; Boston College 4 - Michigan State 2 |
TOP OF THE 8TH |
Boston College Eagles batting - Pitching for Michigan State Spartans : LHP Carlos Martínez
|
Batting: SHB Ralph Alfonzo
|
0-0: Ball 1-0: Foul Ball, location: 2F 1-1: Ball 2-1: Ball 3-1: Swinging Strike 3-2: Strikes out swinging
|
Batting: RHB Theodore Burns
|
0-0: Foul Ball, location: 2F 0-1: Foul Ball, location: 2F 0-2: Strikes out swinging
|
Batting: RHB Ed Gómez
|
0-0: Ball 1-0: Foul Ball, location: 2F 1-1: Swinging Strike 1-2: Ball 2-2: Foul Ball, location: 2F 2-2: Ball 3-2: Base on Balls
|
Batting: RHB Al Williamson
|
0-0: Ball 1-0: Called Strike 1-1: Foul Ball, location: 2F 1-2: Ball 2-2: Strikes out swinging
|
Top of the 8th over - 0 run(s), 0 hit(s), 0 error(s), 1 left on base; Boston College 4 - Michigan State 2 |
BOTTOM OF THE 8TH |
Michigan State Spartans batting - Pitching for Boston College Eagles : RHP Mike Heath
|
Batting: LHB José Arce
|
0-0: Fly out, F9 (Line Drive, 89M)
|
Batting: RHB Ryan Miller
|
0-0: Ball 1-0: Ball 2-0: Called Strike 2-1: Ball 3-1: Foul Ball, location: 2F 3-2: Fly out, F8 (Line Drive, 8LS)
|
Batting: RHB Arthur Hopkins
|
0-0: Ball 1-0: Called Strike 1-1: Ball 2-1: Ball 3-1: Base on Balls
|
Pitching: LHP Sixto Pineda
|
|
Batting: RHB Nelson Wright
|
0-0: Foul Ball, location: 2F 0-1: Ball 1-1: Foul Ball, location: 2F 1-2: Ball 2-2: Ground out 5-3 (Groundball, 5)
|
Bottom of the 8th over - 0 run(s), 0 hit(s), 0 error(s), 1 left on base; Boston College 4 - Michigan State 2 |
TOP OF THE 9TH |
Boston College Eagles batting - Pitching for Michigan State Spartans : LHP Carlos Martínez
|
Batting: LHB Greg Hyde
|
0-0: Foul Ball, location: 2F 0-1: Ball 1-1: Foul Ball, location: 2F 1-2: Strikes out swinging
|
Batting: SHB Felipe Castro
|
0-0: Ball 1-0: Called Strike 1-1: Swinging Strike 1-2: Ball 2-2: Strikes out swinging
|
Pitching: RHP Darren Payne
|
|
Batting: RHB Dennis House
|
0-0: Ball 1-0: Fly out, F8 (Flyball, 8RD)
|
Top of the 9th over - 0 run(s), 0 hit(s), 0 error(s), 0 left on base; Boston College 4 - Michigan State 2 |
BOTTOM OF THE 9TH |
Michigan State Spartans batting - Pitching for Boston College Eagles : LHP Sixto Pineda
|
Batting: RHB Nick Whitehead
|
0-0: Ball 1-0: Foul Ball, location: 2F 1-1: Swinging Strike 1-2: Foul Ball, location: 2F 1-2: Foul Ball, location: 2F 1-2: SINGLE (Line Drive, 6D)
|
Batting: RHB Spike Walters
|
0-0: Called Strike 0-1: Ball 1-1: Ball 2-1: Called Strike 2-2: Ball 3-2: Foul Ball, location: 2F 3-2: Base on Balls Nick Whitehead to second
|
Pitching: RHP Millard Lambright
|
|
Batting: RHB Jorge Carranza
|
0-0: Ball 1-0: Bunted foul 1-1: Sac Bunt - play at first, batter OUT! 5-4 Nick Whitehead to third Spike Walters to second
|
Batting: LHB Cliff Mills
|
0-0: Swinging Strike 0-1: SINGLE (Flyball, 8LS) Nick Whitehead scores Spike Walters to third Runner from 3rd tries for Home, SAFE, no throw or cutoff
|
Batting: RHB Ryan Nelson
|
0-0: Ball 1-0: DOUBLE (Line Drive, 9LM) Cliff Mills to third
|
Batting: LHB José Arce
|
0-0: Intentional Walk
|
Batting: RHB Ryan Miller
|
0-0: Ball 1-0: Foul Ball, location: 2F 1-1: Ball 2-1: Grounds into fielders choice 5-2 (Groundball, 5S) Ryan Nelson to third José Arce to second
|
Batting: RHB Arthur Hopkins
|
0-0: Called Strike 0-1: Foul Ball, location: 2F 0-2: Fly out, F9 (Flyball, 9S)
|
Bottom of the 9th over - 2 run(s), 3 hit(s), 0 error(s), 3 left on base; Boston College 4 - Michigan State 4 |
TOP OF THE 10TH |
Boston College Eagles batting - Pitching for Michigan State Spartans : RHP Darren Payne
|
Pitching: RHP Nick Blackburn
|
|
Batting: LHB Rafael Yan
|
0-0: Ground out 5-3 (Groundball, 5S)
|
Batting: RHB Jesús Morales
|
0-0: Ball 1-0: Ground out 4-3 (Groundball, 4)
|
Batting: SHB Ralph Alfonzo
|
0-0: Called Strike 0-1: SINGLE (Groundball, 56D)
|
Batting: RHB Theodore Burns
|
0-0: Ball 1-0: Foul Ball, location: 2F 1-1: Ball 2-1: DOUBLE (Line Drive, 8LM) Ralph Alfonzo to third Runner from 3rd tries for Home, throw and OUT!
|
Top of the 10th over - 0 run(s), 2 hit(s), 0 error(s), 1 left on base; Boston College 4 - Michigan State 4 |
BOTTOM OF THE 10TH |
Michigan State Spartans batting - Pitching for Boston College Eagles : RHP Millard Lambright
|
Batting: RHB Nelson Wright
|
0-0: Ball 1-0: Ground out 2-3 (Groundball, 23)
|
Batting: RHB Nick Whitehead
|
0-0: Ball 1-0: Called Strike 1-1: Ball 2-1: Fly out, F8 (Flyball, 8LS)
|
Pitching: RHP Brad Potter
|
|
Batting: RHB Spike Walters
|
0-0: Ball 1-0: Called Strike 1-1: Ball 2-1: Foul Ball, location: 2F 2-2: Ball 3-2: SINGLE (Flyball, 9LS)
|
Batting: RHB Jorge Carranza
|
0-0: Called Strike 0-1: Hit by Pitch Spike Walters to second
|
Batting: LHB Cliff Mills
|
0-0: Fly out, F8 (Flyball, 8LM)
|
Bottom of the 10th over - 0 run(s), 1 hit(s), 0 error(s), 2 left on base; Boston College 4 - Michigan State 4 |
TOP OF THE 11TH |
Boston College Eagles batting - Pitching for Michigan State Spartans : RHP Nick Blackburn
|
Batting: RHB Ed Gómez
|
0-0: Ball 1-0: Ball 2-0: Ball 3-0: Called Strike 3-1: Base on Balls
|
Batting: RHB Al Williamson
|
0-0: Called Strike Ed Gómez steals 2nd base 0-1: SINGLE (Line Drive, 7LM) Ed Gómez to third
|
Batting: LHB Greg Hyde
|
0-0: Ball 1-0: Ball 2-0: SINGLE (Groundball, 56D) Ed Gómez scores Al Williamson to second
|
Batting: SHB Felipe Castro
|
0-0: Fly out, F9 (Flyball, 9LMF)
|
Batting: RHB Dennis House
|
0-0: Called Strike 0-1: Ball 1-1: Called Strike 1-2: Fly out, F9 (Flyball, 89M)
|
Batting: LHB Rafael Yan
|
0-0: Fly out, F4 (Popup, 4MD)
|
Top of the 11th over - 1 run(s), 2 hit(s), 0 error(s), 2 left on base; Boston College 5 - Michigan State 4 |
BOTTOM OF THE 11TH |
Michigan State Spartans batting - Pitching for Boston College Eagles : RHP Brad Potter
|
Batting: RHB Ryan Nelson
|
0-0: Ball 1-0: Foul Ball, location: 2F 1-1: Swinging Strike 1-2: Ball 2-2: Fly out, F3 (Popup, 3SF)
|
Batting: LHB José Arce
|
0-0: Ball 1-0: Ground out 4-3 (Groundball, 4)
|
Batting: RHB Ryan Miller
|
0-0: Ball 1-0: SINGLE (Groundball, 34D)
|
Batting: RHB Arthur Hopkins
|
0-0: Ball 1-0: Ball 2-0: Called Strike 2-1: Swinging Strike 2-2: Ball 3-2: Base on Balls Ryan Miller to second
|
Pitching: RHP Herman Matthews
|
|
Batting: RHB Nelson Wright
|
0-0: Foul Ball, location: 2F 0-1: Ball 1-1: Ball 2-1: Foul Ball, location: 2F 2-2: Strikes out looking
|
Bottom of the 11th over - 0 run(s), 1 hit(s), 0 error(s), 2 left on base; Boston College 5 - Michigan State 4 |
|